 Dungeon Crawl Stone Soup version 0.30-a0-847-g17996783a1 (webtiles) character file.

Game seed: 13864015789115075180

14939 jasper the Severer (level 12, -5/110 HPs)
             Began as a Hill Orc Fighter on Mar 3, 2023.
             Was a Priest of Beogh.
             Slain by a skyshark (13 damage)
             ... on level 2 of the Lair of Beasts.
             The game lasted 00:22:24 (12571 turns).

jasper the Severer (Hill Orc Fighter)              Turns: 12571, Time: 00:22:25

Health: -5/110     AC: 26    Str: 27    XL:     12   Next: 21%
Magic:  28/28      EV:  7    Int: 10    God:    Beogh [***...]
Gold:   817        SH:  5    Dex:  8    Spells: 11/11 levels left

rFire   + + +      SeeInvis +    M - +0 broad axe (venom)
rCold   + . .      Faith    .    c - +1 buckler
rNeg    . . .      Spirit   .    F - +2 plate armour of Ecwehux {rC+ Str+2 Slay+2 SInv}
rPois   +          Reflect  .    B - +1 helmet
rElec   .          Rampage  .    n - +0 cloak
rCorr   .                        g - +0 pair of gloves
Will    .....                    (no boots) Stlth
                                 z - amulet "Suada" {Acrobat rF+++ MP+9 Str-3 Dex-5}
HPRegen 0.38/turn                v - ring "Iwiri" {rPois Str+6 Dex+3}
MPRegen 0.21/turn                x - +4 ring of protection

@: no status effects
A: no striking features
a: Renounce Religion, Smiting


You were on level 2 of the Lair of Beasts.
You worshipped Beogh.
Beogh was most pleased with you.
You visited 2 branches of the dungeon, and saw 13 of its levels.
You also visited: Sewer and Bailey.

You collected 1072 gold pieces.
You spent 255 gold pieces at shops.

Inventory:

Hand Weapons
 a - a +1 war axe
 r - a +0 morningstar
 y - a +2 morningstar of distortion
 E - a +0 morningstar
 G - a +1 hand axe of electrocution
 M - a +0 broad axe of venom (weapon)
 O - a +0 broad axe
 T - a +0 broad axe
 V - a +1 dire flail of protection
Missiles
 j - 101 stones (quivered)
 k - 3 silver boomerangs
 L - 5 boomerangs
Armour
 b - a +0 scale mail
 c - a +1 buckler (worn)
 f - a +1 ring mail of willpower
 g - a +0 pair of gloves (worn)
 n - a +0 cloak (worn)
 B - a +1 helmet (worn)
 D - a +0 plate armour
 F - the +2 plate armour of Ecwehux (worn) {rC+ Str+2 Slay+2 SInv}
   (You found it on level 6 of the Dungeon)

   Str:       It affects your strength (+2).
   Slay:      It affects your accuracy & damage with ranged weapons and melee
   (+2).
   rC:        It protects you from cold.
   SInv:      It lets you see invisible.
Jewellery
 p - a ring of positive energy
 v - the ring "Iwiri" (left hand) {rPois Str+6 Dex+3}
   (You found it on level 4 of the Dungeon)

   [ring of strength]

   Str:       It affects your strength (+6).
   Dex:       It affects your dexterity (+3).
   rPois:     It protects you from poison.
 x - a +4 ring of protection (right hand)
 z - the amulet "Suada" (around neck) {Acrobat rF+++ MP+9 Str-3 Dex-5}
   (You found it on level 5 of the Dungeon)

   [amulet of the acrobat]

   It increases your evasion while moving and waiting.
   Str:       It affects your strength (-3).
   Dex:       It affects your dexterity (-5).
   rF:        It renders you almost immune to fire.
   MP:        It affects your magic capacity (+9).
 C - a +4 ring of protection
 H - a +6 ring of dexterity
 S - a ring of willpower
Wands
 I - a wand of iceblast (4)
 Q - a wand of paralysis (17)
 R - a wand of mindburst (9)
Scrolls
 e - 15 scrolls of teleportation
 i - 2 scrolls of butterflies
 s - 6 scrolls of enchant weapon
 J - 3 scrolls of fear
 K - 3 scrolls of fog
 N - a scroll of magic mapping
 W - 2 scrolls of amnesia
Potions
 d - 5 potions of might
 h - 2 potions of degeneration
 l - 2 potions of flight
 m - 2 potions of haste
 o - 10 potions of curing
 q - 3 potions of lignification
 t - 3 potions of magic
 u - 5 potions of heal wounds {unknown}
 w - 2 potions of mutation {unknown}
 A - 2 potions of berserk rage {unknown}
 P - a potion of cancellation {unknown}
 U - a potion of attraction {unknown}


   Skills:
 + Level 11.3 Fighting
 * Level 16.3 Axes
 + Level 10.4 Armour
 - Level 4.0 Shields
 + Level 9.8 Invocations


You had 11 spell levels left.
You didn't know any spells.
Your spell library contained the following spells:

 Spells                   Type           Power      Damage    Failure   Level
 Necrotise                Necr           0%         1d4       99%         1
 Dazzling Flash           Conj/Hex       0%         N/A       100%        3
 Tukima's Dance           Hex            0%         N/A       100%        3
 Vampiric Draining        Necr           0%         2d6       100%        3
 Passage of Golubria      Tloc           0%         N/A       100%        4
 Agony                    Necr           0%         N/A       100%        5
 Silence                  Hex/Air        0%         N/A       100%        5
 Yara's Violent Unravell  Hex/Tmut       0%         3d3       100%        5


Dungeon Overview and Level Annotations

Branches:
Dungeon (11/15)            Temple (0/1) D:7            Lair (2/5) D:10
    Orc (0/2) D:11          Sewer (visited)          Bailey (visited)
  Swamp: Lair:2-3    Shoals: Lair:2-3     Snake: Lair:2-3    Spider: Lair:2-3

Altars:
Ashenzari
Dithmenos
Elyvilon
Fedhas
Makhleb
Okawaru
Qazlal
Sif Muna
Trog
Uskayaw
Zin

Shops:
D:5 [   D:6 (   D:8 *

Portals:
Trove: D:11 (give 4 scrolls of fear)

Annotations:
D:8 2 transporters, cheesebisquit's ghost, novice MfFi
D:9 exclusion: oklob plant


Message History

Oruk hits the skyshark but does no damage.
The skyshark bites you.
The skyshark enters a blood-rage!
You are unaffected.
The skyshark tail-slaps you but does no damage.
The skyshark tail-slaps you!
You take 19 damage, and have 78/110 hp.
You hit the skyshark.
The skyshark looks as sick as possible!
The skyshark is moderately wounded.
The skyshark bites you.
The skyshark tail-slaps you but does no damage. x2
Oruk hits the skyshark with a +0 flail!
Your orc priest looks braver for a moment.
You take 2 damage, and have 76/110 hp.
You hit the skyshark.
The skyshark is moderately wounded.
The skyshark bites you! The skyshark tail-slaps you!
The skyshark tail-slaps you but does no damage.
Oruk hits the skyshark with a +0 flail!!
You hear an angry hiss.
You take 25 damage, and have 51/110 hp.
MASSIVE DAMAGE!!
You barely miss the skyshark.
The skyshark is heavily wounded.
The skyshark bites you. You block the skyshark's attack.
The skyshark tail-slaps you. The skyshark bites you!
The skyshark tail-slaps you but does no damage. x2
Oruk completely misses the skyshark.
You take 17 damage, and have 34/110 hp.
You hit the skyshark.
The skyshark looks as sick as possible!
The skyshark is severely wounded.
The skyshark bites you!!
* * * LOW HITPOINT WARNING * * *
The skyshark tail-slaps you!
* * * LOW HITPOINT WARNING * * *
The skyshark tail-slaps you but does no damage.
Oruk hits the skyshark with a +0 flail!
You take 26 damage, and have 8/110 hp.
MASSIVE DAMAGE!!
Okay, then.
You slice the skyshark!!
The skyshark is almost dead.
The skyshark bites you!
You die...

...##... . ...#.. #.
..... #.. .... ..#..#
... ..[# ... #l## ...
.... #@o# #.# #.P..##o##
#.## ### ##..#..# #..
###.P .#P.....# #.##
#....
........#####.P#####..[.
###...#...##....##......
#......................
#....P..P#P#..#........
........#####......#....


You could see a skyshark (berserk, extremely poisoned, ally target), the
friendly Oruk the orc knight and a friendly orc priest (strong).

Vanquished Creatures
  2 vault guards (Bailey)
  A two-headed ogre (D:9)
  A gargoyle (D:11)
  4 kobold demonologists (D:11)
  An unseen horror (D:11)
  2 komodo dragons
  A rime drake (Lair:1)
  3 trolls
  Prince Ribbit (D:8)
  A blink frog (Bailey)
  A vampire (D:8)
  2 shadows
  A wraith (D:11)
  A wyvern (D:9)
  11 yaks
  3 humans (Bailey)
  A steam dragon (D:8)
  An acid dragon (D:9)
  4 water moccasins
  4 black bears
  4 orc warriors
  Pargi (Sewer)
  An ice beast (D:5)
  An ogre (D:5)
  3 centaurs
  4 kobold brigands
  A phantom (D:4)
  8 bullfrogs
  5 scorpions
  4 wights (D:7)
  21 killer bees
  3 howler monkeys
  A jelly (D:5)
  3 orc priests
  Crazy Yiuf (D:2)
  A gnoll bouda (D:4)
  7 hounds
  4 iguanas
  A sleepcap (D:7)
  Terence (D:3)
  7 orc wizards
  3 gnolls (D:4)
  13 adders
  A shadow imp (D:8)
  An ufetubus (D:5)
  3 worms
  3 dart slugs
  24 orcs
  6 bats
  7 endoplasms
  3 giant cockroaches
  9 goblins
  5 hobgoblins
  2 jackals (D:5)
  25 kobolds
  2 quokkas (D:1)
  8 ball pythons
  7 frilled lizards
  9 rats
259 creatures vanquished.

Vanquished Creatures (collateral kills)
  A cane toad (Lair:1)
  A kobold demonologist (D:11)
  A komodo dragon (Lair:1)
  A shadow (D:10)
  7 yaks
  A steam dragon (D:10)
  2 water moccasins (Lair:1)
  A kobold brigand (D:11)
  A scorpion (Lair:2)
  A killer bee (D:11)
  2 howler monkeys (D:10)
  An orc priest (D:11)
  2 orc wizards
  3 orcs (D:10)
25 creatures vanquished.

Vanquished Creatures (others)
  2 orc warriors (D:11)
  An orc (D:11)
  A fungus (Lair:2)
  7 plants
11 creatures vanquished.

Grand Total: 295 creatures vanquished

Notes
Turn   | Place    | Note
-------+----------+-------------------------------------------
     0 | D:1      | jasper the Hill Orc Fighter began the quest for the Orb.
     0 | D:1      | Reached XP level 1. HP: 19/19 MP: 1/1
    65 | D:1      | Reached skill level 3 in Axes
   182 | D:1      | Reached XP level 2. HP: 20/27 MP: 2/2
   242 | D:1      | Found a faded altar of an unknown god.
   606 | D:2      | Reached XP level 3. HP: 25/33 MP: 3/3
   961 | D:2      | Reached skill level 4 in Axes
  1057 | D:2      | Reached XP level 4. HP: 35/40 MP: 4/4
  1268 | D:2      | Found a runed translucent door.
  1269 | D:2      | Noticed Crazy Yiuf
  1525 | D:2      | Killed Crazy Yiuf
  1621 | D:3      | Noticed Terence
  1633 | D:3      | Killed Terence
  1634 | D:3      | Reached XP level 5. HP: 47/47 MP: 5/5
  1635 | D:3      | Noticed a water elemental
  1636 | D:3      | Found a stormy altar of Qazlal.
  1642 | D:3      | Noticed a fire elemental
  1642 | D:3      | Noticed an air elemental
  1720 | D:3      | Found a hide-covered altar of Uskayaw.
  1874 | D:3      | Reached skill level 5 in Axes
  2790 | D:4      | Reached XP level 6. HP: 47/55 MP: 6/6
  3138 | D:4      | Reached skill level 5 in Fighting
  3138 | D:4      | Reached skill level 6 in Axes
  3266 | D:4      | Identified the ring "Iwiri" {rPois Str+6 Dex+3}
  3386 | D:5      | Entered Level 5 of the Dungeon
  3433 | D:5      | Reached XP level 7. HP: 60/61 MP: 7/7
  3501 | D:5      | Reached skill level 7 in Axes
  3501 | D:5      | Reached skill level 5 in Armour
  3583 | D:5      | Identified the amulet "Suada" {Acrobat rF+++ MP+9 Str-3
                  | Dex-5}
  3764 | D:5      | Found Juetz's Antique Armour Emporium.
  3796 | D:5      | Bought a shiny helmet for 255 gold pieces
  3826 | D:5      | Reached skill level 8 in Axes
  3906 | D:5      | Reached XP level 8. HP: 70/70 MP: 8/8
  4003 | D:5      | Found a white marble altar of Elyvilon.
  4111 | D:5      | Found a bloodstained altar of Trog.
  4112 | D:5      | Found a burning altar of Makhleb.
  4162 | D:5      | Reached skill level 9 in Axes
  4205 | D:5      | Became a worshipper of Beogh the Brigand
  4262 | D:5      | Reached skill level 1 in Invocations
  4652 | D:6      | Found a shadowy altar of Dithmenos.
  4665 | D:6      | Reached skill level 10 in Axes
  4734 | D:6      | Reached XP level 9. HP: 62/79 MP: 10/10
  4913 | D:6      | Identified the +2 plate armour of Ecwehux {rC+ Str+2 Slay+2
                  | SInv}
  4949 | D:6      | Found an iron altar of Okawaru.
  5058 | D:6      | Found Tumoedgh's Weapon Boutique.
  5064 | D:6      | Found a shimmering blue altar of Sif Muna.
  5169 | D:6      | Found a glowing drain.
  5223 | Sewer    | Entered a sewer
  5266 | Sewer    | Noticed Pargi
  5275 | Sewer    | Killed Pargi
  5675 | D:7      | Reached skill level 11 in Axes
  5762 | D:7      | Reached * piety under Beogh
  5992 | D:7      | Found a staircase to the Ecumenical Temple.
  6318 | D:8      | Found Zin's Purification Station.
  6325 | D:8      | Found a glowing silver altar of Zin.
  6404 | D:8      | Found a transporter.
  6404 | D:8      | Noticed cheesebisquit's ghost (novice MfFi)
  6404 | D:8      | Noticed a two-headed ogre
  6405 | D:8      | Noticed a hornet
  6408 | D:8      | Found a transporter.
  6422 | D:8      | Found a flagged portal.
  6428 | D:8      | Reached skill level 12 in Axes
  6428 | D:8      | Reached skill level 5 in Invocations
  6460 | Bailey   | Entered a bailey
  6468 | Bailey   | Reached XP level 10. HP: 90/90 MP: 13/13
  6521 | Bailey   | Noticed a vault guard
  6536 | Bailey   | Reached ** piety under Beogh
  6537 | Bailey   | Killed a vault guard
  6538 | Bailey   | Reached skill level 13 in Axes
  6740 | Bailey   | Noticed a vault guard
  6755 | Bailey   | Killed a vault guard
  7059 | D:8      | Noticed Prince Ribbit
  7079 | D:8      | Killed Prince Ribbit
  7956 | D:9      | Found a blossoming altar of Fedhas.
  7968 | D:9      | Noticed an oklob plant
  8080 | D:9      | Reached skill level 14 in Axes
  8080 | D:9      | Reached XP level 11. HP: 78/99 MP: 16/16
  8258 | D:9      | Noticed a two-headed ogre
  8272 | D:9      | Killed a two-headed ogre
  8272 | D:9      | Reached *** piety under Beogh
  8273 | D:9      | Reached skill level 10 in Fighting
  8944 | D:10     | Entered Level 10 of the Dungeon
  9018 | D:10     | Found a broken altar of Ashenzari.
  9340 | D:10     | Found a staircase to the Lair.
  9409 | D:10     | You fall into a shaft and drop 1 floor!
  9557 | D:11     | Found a staircase to the Orcish Mines.
  9642 | D:11     | Found a portal to a secret trove of treasure.
  9918 | D:11     | Reached skill level 15 in Axes
 10260 | D:11     | Reached **** piety under Beogh
 10529 | D:10     | Reached skill level 10 in Armour
 10882 | D:11     | Gained Oruk as an ally
 11133 | D:11     | Reached XP level 12. HP: 81/110 MP: 19/19
 11494 | Lair:1   | Entered Level 1 of the Lair of Beasts
 11540 | Lair:1   | Reached skill level 16 in Axes
 12561 | Lair:2   | Noticed a skyshark
 12571 | Lair:2   | Slain by a skyshark

Illustrated notes

Levels and vault maps discovered:
D:1:      erik_arrival_blinker_ship, layout_rooms,
          shapermc_ecumenical_altar_starsandcircs
D:2:      layout_basic, uniq_crazy_yiuf_cottage
D:3:      layout_basic, nicolae_qazlal_style_of_elements,
          mainiacjoe_overflow_alcove_1, uniq_terence
D:4:      nicolae_cairo_tiling_large, layout_gridville, nrook_mini_backslash
D:5:      minmay_chambers_of_fours, layout_loops_cross,
          mainiacjoe_overflow_small_starburst, gammafunk_temple_overflow_pools,
          serial_shops, nicolae_shop_advertising_works
          [nicolae_subvault_shop_adworks], eino_tiny_chamber,
          kennysheep_generic_room_5
D:6:      layout_rooms, mainiacjoe_overflow_boulevard,
          mainiacjoe_overflow_concentric_impassable, lemuel_tele_altar,
          serial_shops, shop, cheibrodos_sewer_entry_bend,
          kennysheep_cross_bottleneck
D:7:      layout_basic, minmay_temple_entry_mini_moons,
          hangedman_decor_peaks_small
D:8:      layout_basic, zin_purify, gammafunk_ghost_arena, enter_bailey_5,
          uniq_prince_ribbit1
D:9:      layout_irregular_city, tgw_fedhas
D:10:     layout_basic, evilmike_ruin_ashenzari, lair_entry_dummy
D:11:     layout_irregular_city, orc_0_dummy, enter_trove_6
Lair:1:   layout_regular_city, grunt_megastairs_3
Lair:2:   layout_gridlike, elwin_shoals_entry_stream,
          nicolae_spider_entry_lesser_pyramids, chequers_serial_rivers_micro_b,
          uniq_maggie

Skill      XL: |  1  2  3  4  5  6  7  8  9 10 11 12 |
---------------+-------------------------------------+-----
Axes           | 3 4 5 6 8 10 12 14 15 16 | 16.3
Fighting       | 4 5 6 7 8 9 11 | 11.3
Armour         | 4 5 6 7 9 10 | 10.4
Shields        | 4 |  4.0
Invocations    | 2 5 7 9 |  9.8

Action                     |  1- 3 |  4- 6 |  7- 9 | 10-12 || total
---------------------------+-------+-------+-------+-------++-------
  Melee: War axe           |    98 |   151 |   160 |       ||   409
         Hand axe          |       |       |   124 |   376 ||   500
         Broad axe         |       |       |       |    13 ||    13
  Throw: Stone             |     4 |       |     1 |       ||     5
 Invoke: Convert to Beogh  |       |       |     1 |       ||     1
  Evoke: Wand              |       |       |       |     4 ||     4
    Use: Scroll            |     2 |     3 |     8 |     8 ||    21
         Potion            |       |     2 |       |     2 ||     4
   Stab: Distracted        |       |       |       |     1 ||     1
 Armour: Scale mail        |    12 |       |       |       ||    12
         Ring mail         |    42 |    64 |    93 |       ||   199
         Plate armour      |       |       |    87 |   216 ||   303
  Dodge: Dodged            |    62 |    86 |   139 |   155 ||   442
  Block: Buckler           |    28 |    35 |    47 |    57 ||   167

Table legend: (Time is in decaauts)
 A = Elapsed time spent in this place.
 B = Non-inter-level travel time spent in this place.
 C = Inter-level travel time spent in this place.
 D = Time resting spent in this place.
 E = Time spent auto-exploring this place.
 F = Levels seen in this place.
 G = Mean time per level.
                   A        B        C        D        E       F      G
               +--------+--------+--------+--------+--------+-----+--------+
         Total |  12535 |  12025 |    510 |    564 |   9084 |  15 |  835.7 |
       Dungeon |  10871 |  10395 |    476 |    464 |   7833 |  11 |  988.3 |
          Lair |   1057 |   1024 |     33 |    100 |    828 |   2 |  528.5 |
         Sewer |    182 |    182 |      0 |      0 |    119 |   1 |  182.0 |
        Bailey |    423 |    423 |      0 |      0 |    304 |   1 |  423.0 |
               +--------+--------+--------+--------+--------+-----+--------+

Top non-repeatable levels by time:
    D:11: 1446 daAuts
     D:5: 1280 daAuts
     D:9: 1211 daAuts
    D:10: 1018 daAuts
     D:8: 1015 daAuts
     D:2: 989 daAuts
  Lair:1: 967 daAuts
     D:3: 949 daAuts
     D:4: 927 daAuts
     D:6: 839 daAuts
     D:1: 617 daAuts
     D:7: 577 daAuts
  Bailey: 423 daAuts
   Sewer: 182 daAuts
  Lair:2: 89 daAuts
